 Dungeon Crawl Stone Soup version 0.27-a0-67-g4bfc8a49e1 (webtiles) character file.

Game seed: 7324485034382879691

44961 Borgoz the Carver (level 14, 0/99 HPs)
             Began as a Halfling Fighter on Jan 9, 2021.
             Was a Priest of Ashenzari.
             Slain by a torpor snail (12 damage)
             ... on level 2 of the Lair of Beasts.
             The game lasted 00:37:28 (17927 turns).

Borgoz the Carver (Halfling Fighter)               Turns: 17927, Time: 00:37:28

Health: 0/99       AC: 16    Str: 18    XL:     14   Next: 68%
Magic:  14/14      EV: 22    Int: 12    God:    Ashenzari [***...]
Gold:   850        SH: 11    Dex: 18    Spells: 11/13 levels left

rFire    + . .     SeeInvis +   a - +2 long sword (vorpal)
rCold    . . .     Faith    .   c - +0 kite shield
rNeg     . . .     Spirit   .   D - +3 troll leather armour
rPois    .         Reflect  .   u - +0 helmet
rElec    .         Harm     .   (no cloak)
rCorr    .         Rampage  .   J - +2 pair of gloves
Will     +....                  n - +1 pair of boots
Stlth    +++.......             t - amulet of regeneration
HPRegen  1.06/turn              h - +6 ring of intelligence
MPRegen  0.14/turn              g - ring of protection from fire

@: slowed, very slow
A: small, mutation resistance 1
a: Renounce Religion, Curse Item, Scrying


You were on level 2 of the Lair of Beasts.
You worshipped Ashenzari.
Ashenzari was most pleased with you.
You visited 3 branches of the dungeon, and saw 16 of its levels.
You also visited: Ossuary.

You collected 1090 gold pieces.
You spent 240 gold pieces at shops.

Inventory:

Hand Weapons
 a - a +2 vorpal long sword (weapon)
 b - the +7 rapier of Destruction {freeze, +Fly}
   (You found it on level 10 of the Dungeon)

   It has been specially enchanted to freeze those struck by it, causing extra
   injury to most foes and up to half again as much damage against particularly
   susceptible opponents.
   It can also slow down cold-blooded creatures.
   It lets you fly.
Armour
 c - a +0 kite shield (worn)
 n - a +1 pair of boots (worn)
 u - a +0 helmet (worn)
 D - a +3 troll leather armour (worn)
 J - a +2 pair of gloves (worn)
Jewellery
 g - a ring of protection from fire (right hand)
 h - a +6 ring of intelligence (left hand)
 t - an amulet of regeneration (around neck)
 v - an uncursed ring of fire
 I - an uncursed ring of ice
Wands
 d - a wand of paralysis (5)
 o - a wand of flame (21)
 y - a wand of acid (5)
 B - a wand of iceblast (9)
 C - a wand of random effects (10)
Scrolls
 e - 2 scrolls of fog {unknown}
 f - 13 scrolls of teleportation
 j - a scroll of brand weapon {unknown}
 r - 7 scrolls of remove curse
 s - 5 scrolls of fear
 x - 2 scrolls of magic mapping
 G - a scroll of holy word
Potions
 i - 2 potions of haste
 k - a potion of lignification
 l - 9 potions of curing
 m - 2 potions of resistance
 A - a potion of heal wounds
 H - a potion of berserk rage
 L - a potion of might


   Skills:
 + Level 10.7 Fighting
 + Level 13.2 Long Blades
 + Level 12.5 Armour
 + Level 12.1 Dodging
 - Level 5.0 Stealth
 - Level 6.0 Shields
 - Level 5.0 Evocations


You had 11 spell levels left.
You knew the following spells:

 Your Spells              Type           Power        Failure   Level
a - Blink                 Tloc           N/A          93%         2

Your spell library contained the following spells:

 Spells                   Type           Power        Failure   Level
 Animate Skeleton         Necr           0%           83%         1
 Magic Dart               Conj           0%           83%         1
 Pain                     Necr           0%           83%         1
 Summon Small Mammal      Summ           0%           83%         1
 Call Imp                 Summ           0%           93%         2
 Slow                     Hex            0%           93%         2
 Call Canine Familiar     Summ           0%           99%         3
 Conjure Flame            Conj/Fire      0%           99%         3
 Mephitic Cloud           Conj/Pois/Air  0%           99%         3
 Summon Guardian Golem    Hex/Summ       0%           99%         3
 Vampiric Draining        Necr           0%           99%         3
 Animate Dead             Necr           0%           100%        4
 Summon Ice Beast         Ice/Summ       0%           100%        4
 Summon Lightning Spire   Summ/Air       0%           100%        4
 Agony                    Necr           0%           100%        5


Dungeon Overview and Level Annotations

Branches:
Dungeon (13/15)            Temple (1/1) D:7            Lair (2/6) D:9
    Orc (0/2) D:10         Vaults (0/5) D:13        Ossuary (visited)
  Swamp: Lair:2-4    Shoals: Lair:2-4     Snake: Lair:2-4    Spider: Lair:2-4

Altars:
Ashenzari
Cheibriados
Dithmenos
Elyvilon
Fedhas
Gozag
Hepliaklqana
Kikubaaqudgha
Makhleb
Nemelex Xobeh
Okawaru
Qazlal
Ru
Sif Muna
Trog
Uskayaw
Vehumet
Wu Jian
Xom
Yredelemnul
Zin
The Shining One
Beogh

Shops:
D:6 *   D:10 :   D:11 :   D:12 **


Innate Abilities, Weirdness & Mutations

You are small and have problems with some larger weapons.
You are somewhat resistant to further mutation.


Message History

The yak is almost dead.
The yak misses you.
You riposte.
Your shield prevents you from hitting the yak.
The yak is moderately wounded.
You block the yak's attack. The yak gores you.
* * * LOW HITPOINT WARNING * * *
The torpor snail bites you!!
* * * LOW HITPOINT WARNING * * *
The yak barely misses you.
You riposte.
You slash the yak!
You kill the yak!
The yak gores you.
* * * LOW HITPOINT WARNING * * *
The torpor snail misses you. You block the yak's attack.
The yak gores you but does no damage. You block the yak's attack.
You see here a yak corpse.
You hit the yak.
The yak is severely wounded.
The yak gores you but does no damage. You block the yak's attack.
The torpor snail bites you!
You die...

* * .
+......................... *
,..#⌠.....⌠..>..⌠.....⌠......
........................>...
,..#....#.....#.............
* <
,+#...######.##...#....... *
, #....#######...##....... ,
, , ###.....###...##........
* ,#......Y....####.##.#.#
#.###.Y@Y...## ######## * ##
###Yw...#+* , *##†.#....#* *
* #....†.....#* *
*#....<......#. ## *
,....P)........#*,,####. *
######.........#,...... ,,
#........+. .#.### *
.........# #. * #


You could see a torpor snail and 4 yaks.

Vanquished Creatures
  An ironheart preserver (D:13)
  Josephine (D:12)
  Harold (D:8)
  4 hydras
  Fannar (D:12)
  2 boulder beetles
  5 two-headed ogres
  A queen ant (D:11)
  Nergalle (Lair:1)
  Sonja (D:10)
  4 slime creatures
  2 unseen horrors (D:13)
  An orange crystal statue (D:11)
  Pikel (D:4)
  4 ugly things
  2 deep elf magi
  A cyclops (D:13)
  A black mamba (Lair:2)
  2 centaur zombies (D:13)
  2 cane toads
  A gargoyle (D:11)
  The ghost of urnamphora the Slinger, a novice HaHu of Gozag (D:4)
  2 centaur skeletons (D:13)
  A kobold demonologist (D:12)
  4 komodo dragons
  5 trolls
  A queen bee (D:12)
  A meliai (D:13)
  A hornet (D:10)
  A polar bear (Lair:2)
  5 blink frogs (Lair:2)
  A hornet (shapeshifter) (D:13)
  A shadow (D:11)
  36 yaks
  Eustachio (D:4)
  A basilisk (D:12)
  3 wraiths (D:12)
  2 steam dragons
  9 vampire mosquitoes
  2 acid dragons
  7 soldier ants
  6 water moccasins
  6 ice beasts
  2 black bears
  12 orc warriors
  4 sky beasts
  A necrophage (D:11)
  3 phantoms
  4 ogres
  6 wolves
  14 centaurs
  8 big kobolds
  17 bullfrogs
  6 scorpions
  21 killer bees
  3 howler monkeys
  15 wights
  5 bullfrog zombies
  A quasit (D:8)
  8 hounds
  7 orc priests
  6 jellies
  15 orc wizards
  2 bullfrog skeletons (D:12)
  3 iguanas
  5 hell rats (Lair:2)
  22 worker ants
  A killer bee zombie (Ossuary)
  6 hound zombies
  18 mummies
  A howler monkey zombie (D:11)
  4 worker ant zombies
  5 gnolls
  12 adders
  3 shadow imps
  4 white imps
  An ufetubus (D:9)
  6 adder zombies
  A worm (D:2)
  5 leopard geckos
  76 orcs
  8 bats
  A bat zombie (D:3)
  8 giant cockroaches
  9 goblins
  4 hobgoblins
  11 jackals
  6 quokkas
  2 ball pythons
  A ball python skeleton (D:4)
  3 frilled lizards
  A giant cockroach zombie (Ossuary)
  A goblin zombie (D:5)
  A jackal zombie (Ossuary)
  29 kobolds
  An orc zombie (D:5)
  7 rats
  A rat zombie (D:3)
563 creatures vanquished.

Vanquished Creatures (others)
  An orc (D:12)
  10 fungi
  26 plants
  5 withered plants
42 creatures vanquished.

Grand Total: 605 creatures vanquished

Notes
Turn   | Place    | Note
-------+----------+-------------------------------------------
     0 | D:1      | Borgoz the Halfling Fighter began the quest for the Orb.
     0 | D:1      | Reached XP level 1. HP: 15/15 MP: 1/1
    74 | D:1      | Reached XP level 2. HP: 17/20 MP: 2/2
   355 | D:1      | Reached XP level 3. HP: 25/25 MP: 3/3
   375 | D:1      | Reached skill level 1 in Dodging
  1110 | D:2      | Reached XP level 4. HP: 31/31 MP: 4/4
  1125 | D:2      | Reached skill level 3 in Long Blades
  1797 | D:3      | Found a shadowy altar of Dithmenos.
  1901 | D:3      | Reached XP level 5. HP: 35/36 MP: 5/5
  1906 | D:3      | Noticed a water moccasin
  1914 | D:3      | Reached skill level 5 in Fighting
  1914 | D:3      | Reached skill level 8 in Long Blades
  1914 | D:3      | Reached XP level 6. HP: 20/46 MP: 6/6
  1928 | D:3      | Killed a water moccasin
  1966 | D:3      | HP: 2/46 [poisoned by a water moccasin]
  2451 | D:3      | You fall into a shaft and drop 3 floors!
  2847 | D:5      | Entered Level 5 of the Dungeon
  2868 | D:5      | Learned a level 2 spell: Blink
  2879 | D:5      | Reached XP level 7. HP: 52/52 MP: 7/7
  3494 | D:5      | Found a sand-covered staircase.
  3500 | Ossuary  | Entered an ossuary
  3607 | Ossuary  | HP: 1/52 [mummy (15)]
  3929 | Ossuary  | Reached skill level 9 in Long Blades
  3929 | Ossuary  | Reached XP level 8. HP: 57/57 MP: 8/8
  5129 | D:4      | Noticed Pikel
  5164 | D:4      | Killed Pikel
  5165 | D:4      | Reached XP level 9. HP: 54/63 MP: 9/9
  5419 | D:4      | Found a transporter.
  5419 | D:4      | Noticed urnamphora's ghost (novice HaHu)
  5436 | D:4      | Found a transporter.
  5485 | D:4      | Noticed Eustachio
  5745 | D:4      | Killed Eustachio
  5990 | D:4      | Found a stormy altar of Qazlal.
  6154 | D:4      | Found a glowing golden altar of the Shining One.
  6197 | D:4      | Found a broken altar of Ashenzari.
  6254 | D:4      | Became a worshipper of Ashenzari the Shackled
  6604 | D:3      | Found an ancient bone altar of Kikubaaqudgha.
  6887 | D:4      | Killed urnamphora's ghost
  7377 | D:6      | Found a basalt altar of Yredelemnul.
  7384 | D:6      | Found Wotagup's Sacrilege Store.
  7805 | D:6      | Found a blossoming altar of Fedhas.
  8036 | D:7      | Reached skill level 10 in Long Blades
  8051 | D:7      | Reached XP level 10. HP: 54/69 MP: 10/10
  8272 | D:7      | Found a sparkling altar of Nemelex Xobeh.
  8309 | D:7      | Found a snail-covered altar of Cheibriados.
  8388 | D:7      | Found a staircase to the Ecumenical Temple.
  8420 | Temple   | Entered the Ecumenical Temple
  8664 | D:7      | Found an opulent altar of Gozag.
  8775 | D:8      | Reached * piety under Ashenzari
  8967 | D:8      | Noticed a cyan ugly thing
  9003 | D:8      | Killed a cyan ugly thing
  9231 | D:8      | Found an opulent altar of Gozag.
  9233 | D:8      | Noticed a deep elf mage
  9243 | D:8      | Killed a deep elf mage
  9297 | D:8      | Noticed Harold
  9340 | D:8      | Killed Harold
  9398 | D:8      | Reached XP level 11. HP: 74/75 MP: 11/11
  9646 | D:8      | Found a roughly hewn altar of Beogh.
  9857 | D:8      | Got the rapier "Ychut" {freeze, +Inv +Fly}
  9858 | D:8      | Identified the +3 rapier "Ychut" {freeze, +Inv +Fly} (You
                  | found it on level 8 of the Dungeon)
  9967 | D:8      | Found an ornate altar of the Wu Jian Council.
 10246 | D:9      | Found a sacrificial altar of Ru.
 10259 | D:9      | Found a hide-covered altar of Uskayaw.
 10422 | D:9      | Reached skill level 1 in Stealth
 10785 | D:9      | Found a staircase to the Lair.
 10804 | D:9      | Reached skill level 1 in Evocations
 10944 | D:10     | Entered Level 10 of the Dungeon
 11161 | D:10     | Found Geatoluo's Book Emporium.
 11205 | D:10     | Reached skill level 11 in Long Blades
 11426 | D:10     | Found a staircase to the Orcish Mines.
 11506 | D:10     | Noticed a two-headed ogre
 11516 | D:10     | Killed a two-headed ogre
 11517 | D:10     | Reached skill level 5 in Shields
 11671 | D:10     | Noticed Sonja
 11677 | D:10     | Reached ** piety under Ashenzari
 11678 | D:10     | Killed Sonja
 11872 | D:10     | Got the rapier of Destruction {freeze, +Fly}
 11873 | D:10     | Identified the +7 rapier of Destruction {freeze, +Fly} (You
                  | found it on level 10 of the Dungeon)
 12024 | D:10     | Found a burning altar of Makhleb.
 12024 | D:10     | Noticed a green death
 12064 | D:11     | Noticed a two-headed ogre
 12066 | D:11     | Noticed a two-headed ogre
 12067 | D:11     | Reached XP level 12. HP: 82/83 MP: 12/12
 12115 | D:10     | Killed a two-headed ogre
 12175 | D:10     | Killed a two-headed ogre
 12508 | D:11     | Found a shimmering altar of Xom.
 12528 | D:11     | Noticed a boulder beetle
 12662 | D:11     | Reached skill level 10 in Armour
 12754 | D:11     | Noticed a two-headed ogre
 12774 | D:11     | Killed a two-headed ogre
 12973 | D:11     | Found Hujats's Book Emporium.
 13044 | D:11     | Noticed a queen ant
 13072 | D:11     | Killed a queen ant
 13611 | D:11     | Killed a boulder beetle
 13802 | D:12     | Noticed Josephine
 13815 | D:12     | Reached skill level 10 in Dodging
 13838 | D:12     | Killed Josephine
 13839 | D:12     | Reached XP level 13. HP: 27/88 MP: 13/13
 13936 | D:12     | Found Loykytai's General Store.
 13940 | D:12     | Bought 2 potions of ambrosia for 240 gold pieces
 14083 | D:12     | Reached skill level 12 in Long Blades
 14143 | D:12     | Found Hiapt's Changing Room.
 14260 | D:12     | Noticed Fannar
 14454 | D:12     | Killed Fannar
 15406 | D:13     | Noticed an ironheart preserver
 15498 | D:13     | Reached *** piety under Ashenzari
 15553 | D:13     | Noticed a boulder beetle
 15573 | D:13     | Noticed an eight-headed hydra
 15581 | D:13     | Noticed an eight-headed hydra
 15588 | D:13     | Killed a nine-headed hydra
 15589 | D:13     | Killed an eight-headed hydra
 15607 | D:13     | Reached skill level 10 in Fighting
 15629 | D:13     | Killed an ironheart preserver
 15841 | D:13     | Reached XP level 14. HP: 87/99 MP: 14/14
 16357 | D:13     | Found a gate to the Vaults.
 16526 | Lair:1   | Entered Level 1 of the Lair of Beasts
 16541 | Lair:1   | Reached skill level 5 in Stealth
 16728 | Lair:1   | Noticed Nergalle
 16747 | Lair:1   | Killed Nergalle
 16898 | Lair:1   | Reached skill level 13 in Long Blades
 17697 | Lair:2   | Reached skill level 5 in Evocations
 17927 | Lair:2   | Slain by a torpor snail

Illustrated notes

Levels and vault maps discovered:
D:1:      ebering_hopf_link, layout_rooms, serial_curves, eino_curves_04,
          eino_curves_04, eino_curves_04, eino_curves_04,
          amcnicky_mini_rare_corridor_liquid, kennysheep_nondescript
D:2:      layout_basic
D:3:      layout_loops_ring, general_overflow_altar,
          lemuel_zombie_altar_kikubaaqudgha
D:4:      layout_cave_pools, kennysheep_little_box,
          nicolae_qazlal_style_of_elements, gammafunk_ghost_arena,
          grunt_ministairs_13, nicolae_tso_swordbearing_angel, uniq_eustachio,
          uniq_pikel
D:5:      layout_basic, nicolae_ossuary_entry_giza
D:6:      layout_basic, kennysheep_mini_moat, kennysheep_doodads,
          kennysheep_cluttered_room, nicolae_evil_shop
D:7:      layout_rooms, overflow_temple_1_default,
          nicolae_overflow_hidden_temple, minmay_temple_entry_overgrown,
          hangedman_decor_push, nemelex_spade_bored_becter
D:8:      layout_loops_corners, lemuel_doored_altar, special_room
          [special_room_orc], david_defended_altar_elf, uniq_harold
D:9:      layout_loops_ring, lemuel_crystal_altar,
          grunt_lair_entry_orc_guard_hut, basic_altar
D:10:     layout_loops_ring, david_orc_4, serial_shops, shop,
          makhleb_altar_promises_db, uniq_sonja
D:11:     minmay_statue_hallways, layout_irregular_city, basic_altar,
          serial_undead, serial_undead_e, serial_undead_f, serial_undead_e,
          serial_undead_e, serial_shops, shop, wad_floor_pattern_untrapped,
          minivault_21, minmay_another_anthill
D:12:     layout_roguey, serial_shops, shop, nicolae_transmutations_shop,
          nicolae_looking_at_the_future, uniq_fannar, uniq_josephine
D:13:     layout_loops_ring, skrybe_vaults_entry_preservation
Temple:   dshaligram_water_room_temple
Lair:1:   layout_concentric_octagons, uniq_maggie, uniq_nergalle
Lair:2:   layout_roguey, grunt_megastairs_5

Skill      XL: |  1  2  3  4  5  6  7  8  9 10 11 12 13 14 |
---------------+-------------------------------------------+-----
Dodging        | 1 6 7 8 9 10 11 12 | 12.1
Fighting       | 3 5 6 7 8 9 10 | 10.7
Long Blades    | 3 8 9 10 11 12 13 | 13.2
Armour         | 7 8 9 10 11 12 | 12.5
Shields        | 4 5 6 |  6.0
Stealth        | 3 4 5 |  5.0
Evocations     | 2 3 5 |  5.0

Action                   |  1- 3 |  4- 6 |  7- 9 | 10-12 | 13-15 || total
-------------------------+-------+-------+-------+-------+-------++-------
Melee: Short sword       |    85 |   104 |       |       |       ||   189
       Long sword        |       |    15 |   471 |   984 |   766 ||  2236
       Rapier            |       |       |       |   191 |   204 ||   395
Throw: Throwing net      |       |       |       |     3 |       ||     3
Evoke: Wand              |       |       |       |     5 |    14 ||    19
  Use: Scroll            |     2 |     4 |    12 |    10 |     4 ||    32
       Potion            |       |     3 |     3 |     6 |     3 ||    15
 Stab: Paralysed         |       |       |       |     4 |     2 ||     6
       Held in net/web   |       |       |       |     4 |       ||     4
       Sleeping          |       |       |       |     5 |    12 ||    17
       Distracted        |       |       |       |     1 |       ||     1
       Invisible         |       |       |       |     1 |       ||     1
Armor: Scale mail        |    40 |    48 |   124 |    83 |       ||   295
       Troll leather arm |       |       |       |   168 |   146 ||   314
Dodge: Dodged            |    32 |    59 |   233 |   733 |   758 ||  1815
Block: Kite shield       |    63 |    57 |   219 |   603 |   545 ||  1487
       Rpst.: Long sword |       |     2 |    68 |   176 |   208 ||   454

Table legend: (Time is in decaauts)
 A = Elapsed time spent in this place.
 B = Non-inter-level travel time spent in this place.
 C = Inter-level travel time spent in this place.
 D = Time resting spent in this place.
 E = Time spent auto-exploring this place.
 F = Levels seen in this place.
 G = Mean time per level.
                   A        B        C        D        E       F      G
               +--------+--------+--------+--------+--------+-----+--------+
         Total |  17719 |  16843 |    876 |   3983 |   8201 |  17 | 1042.3 |
       Dungeon |  14838 |  14005 |    833 |   2916 |   7196 |  13 | 1141.4 |
        Temple |     90 |     69 |     21 |      0 |     69 |   1 |   90.0 |
          Lair |   1353 |   1331 |     22 |     23 |    824 |   2 |  676.5 |
       Ossuary |   1437 |   1437 |      0 |   1044 |    112 |   1 | 1437.0 |
               +--------+--------+--------+--------+--------+-----+--------+

Top non-repeatable levels by time:
    D:11: 1465 daAuts
     D:4: 1444 daAuts
 Ossuary: 1437 daAuts
    D:12: 1417 daAuts
     D:8: 1314 daAuts
    D:10: 1282 daAuts
     D:3: 1203 daAuts
     D:6: 1199 daAuts
    D:13: 1134 daAuts
     D:1: 1015 daAuts
     D:5: 969 daAuts
     D:9: 919 daAuts
     D:7: 799 daAuts
  Lair:1: 707 daAuts
     D:2: 673 daAuts
